 Dungeon Crawl Stone Soup version 0.18.1-48-g4cf74bf (webtiles) character file.

62 meme the Magician (level 3, -1/19 HPs)
             Began as a Deep Elf Air Elementalist on July 9, 2016.
             Slain by an adder (4 damage)
             ... on level 2 of the Dungeon.
             The game lasted 00:07:34 (712 turns).

meme the Magician (Deep Elf Air Elementalist)        Turns: 712, Time: 00:07:37

Health: -1/19      AC:  2    Str:  6    XL:     3   Next: 85%
Magic:  8/10       EV: 13    Int: 19    God:
Gold:   99         SH:  0    Dex: 15    Spells: 3 memorised, 4 levels left

rFire  + . .     SeeInvis .     j - +0 dagger
rCold  + . .     Gourm    .     a - +0 robe
rNeg   . . .     Faith    .     (no shield)
rPois  +         Spirit   .     (no helmet)
rElec  +         Dismiss  .     (no cloak)
rCorr  +         Reflect  .     (no gloves)
SustAt .         Harm     .     (no boots)
MR     .....                    (no amulet)
Stlth  ++........               (no ring)
                                (no ring)

@: exhausted, resistant, slowed, very slow, not resistant to hostile
enchantments, unstealthy
A: no striking features
a: no special abilities


You were on level 2 of the Dungeon.
You were not hungry.

You visited 1 branch of the dungeon, and saw 2 of its levels.

You collected 99 gold pieces.

Inventory:

Hand Weapons
 j - a +0 dagger (weapon)
Armour
 a - a +0 robe (worn)
Jewellery
 h - an uncursed amulet of magic regeneration {unknown}
Scrolls
 d - a scroll of noise {unknown}
 e - a scroll of identify {unknown}
 i - 3 scrolls of remove curse {unknown}
 l - a scroll of immolation {unknown}
 m - a scroll of amnesia {unknown}
Potions
 g - a potion of resistance
Books
 b - a book of Air

   Spells                             Type                      Level
   a - Shock                          Conjuration/Air              1
   b - Swiftness                      Charms/Air                   2
   c - Repel Missiles                 Charms/Air                   2
   d - Static Discharge               Conjuration/Air              3
   e - Lightning Bolt                 Conjuration/Air              5
Comestibles
 c - a bread ration
 f - 7 fruits
 k - 5 chunks of flesh


   Skills:
 + Level 0.2 Fighting
 + Level 3.4 Dodging
 + Level 2.5 Stealth
 + Level 4.0 Spellcasting
 + Level 1.2 Conjurations
 + Level 3.6 Air Magic


You had 4 spell levels left.
You knew the following spells:

 Your Spells              Type           Power        Failure   Level  Hunger
a - Shock                 Conj/Air       ##..         8%          1    None
b - Static Discharge      Conj/Air       ##......     17%         3    ###....
c - Swiftness             Chrm/Air       ##......     12%         2    ##.....


Dungeon Overview and Level Annotations

Branches:
Dungeon (2/15)

Altars:
The Shining One


Message History

Unknown command.
You feel sick.
You see here an adder corpse.
You butcher the adder corpse.
k - 5 chunks of flesh (gained 2)
You feel sick.
You feel sick.
h - a triangular steel amulet You feel sick.
You are no longer poisoned.
You open the door.
An adder comes into view.
There is an open door here.
The helpless adder fails to defend itself.
You puncture the adder!
The adder is heavily wounded.
The adder bites you.
* * * LOW HITPOINT WARNING * * *
The adder bites you.
You die...

###### #####....# #..
#...#....# ...#
#####...#....#####...##
......S@'..............
#####...#....#####....##
#####....##.........
#.......# #' #....##.#
#. #....#..# #####)
....####..# #...+. ....#
#..# #.###. #.... #..#
#.# #.


You could see an adder.

Vanquished Creatures
  3 gnolls (D:2)
  An adder (D:2)
  An ooze (D:2)
  A ball python (D:1)
  2 giant cockroaches (D:1)
  A goblin (D:2)
  A hobgoblin (D:1)
  A quokka (D:2)
  4 bats (D:1)
  2 giant newts
  3 kobolds
  3 rats (D:1)
23 creatures vanquished.

Notes
Turn   | Place    | Note
--------------------------------------------------------------
     0 | D:1      | meme the Deep Elf Air Elementalist began the quest for the Orb.
     0 | D:1      | Reached XP level 1. HP: 10/10 MP: 6/6
   185 | D:1      | Reached XP level 2. HP: 15/15 MP: 6/8
   399 | D:1      | Found a glowing golden altar of the Shining One.
   512 | D:2      | Reached XP level 3. HP: 7/19 MP: 0/10
   638 | D:2      | Learned a level 3 spell: Static Discharge
   641 | D:2      | Learned a level 2 spell: Swiftness
   688 | D:2      | Reached skill level 4 in Spellcasting
   712 | D:2      | Slain by an adder

Skill      XL: |  1  2  3 |
---------------+----------+-----
Dodging        | 3 |  3.4
Spellcasting   | 4 |  4.0
Fighting       | |  0.2
Stealth        | |  2.5
Conjurations   | |  1.2
Air Magic      | |  3.6

Action                   || total
-------------------------++-------
Melee: Unarmed           ||     1
       Dagger            ||    18
 Cast: Shock             ||    38
  Use: Potion            ||     2
 Stab: Sleeping          ||     1
Armor: Robe              ||    16
Dodge: Dodged            ||    28
